2797 views
Uploaded 2019-12-08 18:59:34
Game version 1.32.0.3 / 1.32.0.3.1
20:56 long 2on2 ladder game on (4)TurtleRock
Saved by BEARAND
2797 views
Uploaded 2019-12-08 18:59:34
Game version 1.32.0.3 / 1.32.0.3.1
20:56 long 2on2 ladder game on (4)TurtleRock


84 units @ 11.6k
/ 1.7k
26 buildings @ 4.3k
/ 1.7k


| Wisp | 15 | 900 | / | 0 |
| Archer | 21 | 2730 | / | 210 |
| Hippogryph | 10 | 1600 | / | 200 |
| Glaive Thrower | 6 | 1260 | / | 390 |
| Dryad | 4 | 580 | / | 240 |
| total: | 56 | 7070g | / | 1040w |
| Ancient Protector | 1 | 135 | / | 80 |
| Altar of Elders | 1 | 180 | / | 50 |
| Moon Well | 6 | 1080 | / | 240 |
| Ancient of War | 2 | 300 | / | 120 |
| Hunter's Hall | 1 | 210 | / | 100 |
| Ancient of Wind | 1 | 150 | / | 140 |
| Ancient of Lore | 1 | 155 | / | 145 |
| Chimaera Roost | 1 | 140 | / | 190 |
| Tree of Ages | 1 | 320 | / | 180 |
| Tree of Eternity | 1 | 330 | / | 200 |
| total: | 14 | 2350g | / | 1065w |
| 0:08 | Wisp |
| 0:08 | Wisp |
| 0:09 | Wisp |
| 0:10 | Wisp |
| 0:10 | Wisp |
| 0:29 | Altar of Elders |
| 0:42 | Wisp |
| 1:31 | Moon Well |
| 2:38 | Moon Well |
| 2:49 | Tree of Ages |
| 3:25 | Force of Nature |
| 3:43 | Ancient of War |
| 4:53 | Archer |
| 4:53 | Archer |
| 4:53 | Archer |
| 4:53 | Archer |
| 4:53 | Archer |
| 4:54 | Archer |
| 5:55 | Wisp |
| 5:56 | Wisp |
| 6:25 | Moon Well |
| 6:38 | Thorns Aura |
| 7:21 | Immolation |
| 8:12 | Ancient of War |
| 8:36 | Archer |
| 8:36 | Archer |
| 8:36 | Archer |
| 8:37 | Archer |
| 8:52 | Wisp |
| 8:53 | Wisp |
| 8:53 | Wisp |
| 9:01 | Hunter's Hall |
| 9:16 | Moon Well |
| 9:32 | Ancient of Wind |
| 9:55 | Moon Well |
| 10:09 | Archer |
| 10:09 | Archer |
| 10:09 | Archer |
| 10:22 | Ancient Protector |
| 10:46 | Hippogryph |
| 10:46 | Hippogryph |
| 10:46 | Hippogryph |
| 12:12 | Hippogryph |
| 13:28 | Wisp |
| 13:28 | Wisp |
| 13:31 | Tree of Eternity |
| 13:36 | Archer |
| 13:36 | Archer |
| 13:36 | Archer |
| 13:36 | Archer |
| 13:36 | Archer |
| 13:36 | Archer |
| 13:37 | Archer |
| 13:37 | Archer |
| 13:42 | Moon Well |
| 13:54 | Strength of the Moon |
| 13:54 | Moon Armor |
| 13:55 | Reinforced Hides |
| 13:55 | Strength of the Wild |
| 13:56 | Ultravision |
| 14:08 | Hippogryph |
| 14:09 | Hippogryph |
| 14:09 | Hippogryph |
| 15:53 | Ancient of Lore |
| 16:56 | Glaive Thrower |
| 16:57 | Glaive Thrower |
| 16:57 | Glaive Thrower |
| 16:57 | Glaive Thrower |
| 16:57 | Glaive Thrower |
| 16:57 | Glaive Thrower |
| 18:53 | Dryad |
| 18:53 | Dryad |
| 18:53 | Dryad |
| 18:56 | Dryad |
| 19:01 | Hippogryph |
| 19:01 | Hippogryph |
| 19:02 | Hippogryph |
| 19:07 | Wisp |
| 19:07 | Wisp |
| 19:33 | Chimaera Roost |
| Right click | 957 |
| Select | 182 |
| Build/train/purchase | 68 |
| Use ability | 16 |
| Remove unit | 2 |
| Minimap ping | 2 |


| Potion of Healing | 2 | 300 |
| total: | 2 | 300g |
| Acolyte | 7 | 525 | / | 0 |
| Ghoul | 6 | 720 | / | 0 |
| Crypt Fiend | 10 | 2150 | / | 400 |
| Obsidian Statue | 2 | 400 | / | 70 |
| Abomination | 2 | 480 | / | 140 |
| Meat Wagon | 1 | 230 | / | 50 |
| total: | 28 | 4505g | / | 660w |
| Spirit Tower | 2 | 290 | / | 80 |
| Altar of Darkness | 1 | 180 | / | 50 |
| Crypt | 1 | 200 | / | 50 |
| Ziggurat | 7 | 1050 | / | 350 |
| Graveyard | 1 | 215 | / | 0 |
| Tomb of Relics | 1 | 130 | / | 30 |
| Slaughterhouse | 1 | 140 | / | 135 |
| Halls of the Dead | 1 | 320 | / | 210 |
| Black Citadel | 1 | 325 | / | 230 |
| total: | 12 | 1915g | / | 615w |
| 0:04 | Acolyte |
| 0:12 | Altar of Darkness |
| 0:17 | Crypt |
| 0:25 | Ziggurat |
| 0:34 | Acolyte |
| 1:20 | Ghoul |
| 1:33 | Ghoul |
| 1:44 | Graveyard |
| 1:52 | Ziggurat |
| 1:58 | Ghoul |
| 2:06 | Ghoul |
| 2:20 | Death Coil |
| 2:24 | Tomb of Relics |
| 3:43 | Unholy Aura |
| 3:53 | Crypt Fiend |
| 3:57 | Halls of the Dead |
| 3:58 | Crypt Fiend |
| 4:20 | Creature Attack |
| 4:25 | Ziggurat |
| 4:28 | Ziggurat |
| 4:31 | Ziggurat |
| 4:48 | Crypt Fiend |
| 5:05 | Creature Carapace |
| 5:26 | Crypt Fiend |
| 5:48 | Crypt Fiend |
| 6:11 | Crypt Fiend |
| 6:56 | Spirit Tower |
| 7:00 | Spirit Tower |
| 7:09 | Death Coil |
| 7:41 | Acolyte |
| 7:41 | Acolyte |
| 7:42 | Acolyte |
| 7:42 | Acolyte |
| 8:14 | Acolyte |
| 9:37 | Black Citadel |
| 9:41 | Slaughterhouse |
| 9:51 | Potion of Healing |
| 10:03 | Crypt Fiend |
| 10:34 | Ghoul |
| 10:41 | Ghoul |
| 10:50 | Obsidian Statue |
| 11:27 | Death Pact |
| 13:13 | Crypt Fiend |
| 13:17 | Disease Cloud |
| 13:47 | Web |
| 13:57 | Abomination |
| 14:02 | Improved Creature Attack |
| 14:13 | Abomination |
| 14:20 | Crypt Fiend |
| 15:01 | Obsidian Statue |
| 15:20 | Potion of Healing |
| 15:27 | Crypt Fiend |
| 16:04 | Ziggurat |
| 16:14 | Ziggurat |
| 17:04 | Meat Wagon |
| 18:09 | Frost Nova |
| Right click | 709 |
| Select | 199 |
| Build/train/purchase | 65 |
| Select group | 45 |
| Assign group | 22 |
| Use ability | 13 |
| Minimap ping | 4 |
| Item give/drop | 1 |
40 units @ 3.1k
/ 0k
144 buildings @ 6.4k
/ 3.4k



| Staff of Sanctuary | 2 | 500 |
| Staff of Teleportation | 3 | 450 |
| Boots of Speed | 1 | 250 |
| total: | 6 | 1200g |
| Peasant | 24 | 1800 | / | 0 |
| total: | 24 | 1800g | / | 0w |
| Scout Tower | 70 | 2100 | / | 1400 |
| Arcane Tower | 1 | 70 | / | 50 |
| Guard Tower | 31 | 2170 | / | 1550 |
| Altar of Kings | 1 | 180 | / | 50 |
| Lumber Mill | 1 | 120 | / | 0 |
| Farm | 4 | 320 | / | 80 |
| Town Hall | 2 | 770 | / | 410 |
| Arcane Vault | 1 | 130 | / | 30 |
| Keep | 1 | 320 | / | 210 |
| Castle | 1 | 360 | / | 210 |
| total: | 79 | 3620g | / | 1970w |
| 0:01 | Peasant |
| 0:04 | Altar of Kings |
| 0:13 | Peasant |
| 0:18 | Lumber Mill |
| 0:21 | Peasant |
| 0:29 | Peasant |
| 0:32 | Farm |
| 0:48 | Peasant |
| 1:07 | Scout Tower |
| 1:10 | Peasant |
| 1:24 | Peasant |
| 1:30 | Farm |
| 1:33 | Arcane Tower |
| 1:35 | Peasant |
| 1:53 | Scout Tower |
| 1:53 | Scout Tower |
| 1:54 | Scout Tower |
| 1:55 | Peasant |
| 2:07 | Summon Water Elemental |
| 2:43 | Peasant |
| 2:44 | Peasant |
| 2:53 | Guard Tower |
| 3:10 | Guard Tower |
| 3:12 | Scout Tower |
| 3:12 | Scout Tower |
| 3:28 | Brilliance Aura |
| 3:31 | Peasant |
| 3:32 | Peasant |
| 3:34 | Farm |
| 4:41 | Peasant |
| 4:42 | Peasant |
| 4:44 | Guard Tower |
| 4:45 | Scout Tower |
| 4:45 | Scout Tower |
| 4:46 | Scout Tower |
| 4:53 | Scout Tower |
| 4:55 | Scout Tower |
| 4:56 | Scout Tower |
| 5:02 | Staff of Teleportation |
| 5:16 | Scout Tower |
| 5:16 | Scout Tower |
| 5:17 | Scout Tower |
| 5:19 | Peasant |
| 5:20 | Peasant |
| 5:21 | Improved Masonry |
| 5:47 | Peasant |
| 5:50 | Guard Tower |
| 5:53 | Scout Tower |
| 6:07 | Guard Tower |
| 6:09 | Scout Tower |
| 6:10 | Scout Tower |
| 6:12 | Scout Tower |
| 6:13 | Scout Tower |
| 6:18 | Peasant |
| 6:18 | Peasant |
| 6:21 | Summon Water Elemental |
| 6:25 | Guard Tower |
| 7:01 | Guard Tower |
| 7:02 | Guard Tower |
| 7:11 | Guard Tower |
| 7:13 | Scout Tower |
| 7:13 | Scout Tower |
| 7:14 | Scout Tower |
| 7:14 | Scout Tower |
| 7:47 | Guard Tower |
| 7:54 | Scout Tower |
| 7:55 | Scout Tower |
| 8:23 | Guard Tower |
| 8:24 | Scout Tower |
| 8:25 | Scout Tower |
| 8:26 | Guard Tower |
| 8:49 | Keep |
| 9:19 | Guard Tower |
| 9:21 | Guard Tower |
| 9:25 | Farm |
| 9:46 | Scout Tower |
| 9:47 | Scout Tower |
| 9:48 | Scout Tower |
| 10:04 | Guard Tower |
| 10:07 | Scout Tower |
| 10:08 | Scout Tower |
| 10:09 | Scout Tower |
| 10:14 | Town Hall |
| 10:17 | Guard Tower |
| 10:20 | Scout Tower |
| 10:21 | Scout Tower |
| 10:21 | Scout Tower |
| 10:23 | Scout Tower |
| 10:24 | Scout Tower |
| 10:52 | Guard Tower |
| 10:55 | Guard Tower |
| 11:20 | Brilliance Aura |
| 11:41 | Scout Tower |
| 11:42 | Scout Tower |
| 12:00 | Scout Tower |
| 12:01 | Scout Tower |
| 12:24 | Castle |
| 12:30 | Guard Tower |
| 12:36 | Scout Tower |
| 12:37 | Scout Tower |
| 12:39 | Scout Tower |
| 13:04 | Guard Tower |
| 13:07 | Guard Tower |
| 13:18 | Town Hall |
| 13:20 | Scout Tower |
| 13:21 | Scout Tower |
| 13:21 | Scout Tower |
| 13:22 | Scout Tower |
| 13:23 | Scout Tower |
| 13:23 | Scout Tower |
| 13:27 | Storm Bolt |
| 13:38 | Advanced Masonry |
| 13:43 | Scout Tower |
| 13:43 | Scout Tower |
| 13:44 | Scout Tower |
| 13:45 | Scout Tower |
| 13:56 | Guard Tower |
| 14:05 | Guard Tower |
| 14:50 | Guard Tower |
| 15:02 | Staff of Teleportation |
| 15:08 | Scout Tower |
| 15:08 | Scout Tower |
| 15:09 | Scout Tower |
| 15:09 | Scout Tower |
| 15:21 | Summon Water Elemental |
| 15:35 | Guard Tower |
| 15:37 | Peasant |
| 15:43 | Guard Tower |
| 15:59 | Bash |
| 16:13 | Peasant |
| 16:13 | Peasant |
| 16:21 | Imbued Masonry |
| 16:33 | Guard Tower |
| 16:57 | Scout Tower |
| 16:58 | Scout Tower |
| 17:00 | Scout Tower |
| 17:00 | Scout Tower |
| 17:22 | Scout Tower |
| 17:22 | Scout Tower |
| 17:27 | Peasant |
| 17:29 | Holy Light |
| 18:18 | Guard Tower |
| 18:53 | Arcane Vault |
| 19:06 | Staff of Teleportation |
| 19:07 | Boots of Speed |
| 19:33 | Staff of Sanctuary |
| 19:46 | Storm Bolt |
| 19:52 | Scout Tower |
| 19:53 | Scout Tower |
| 19:53 | Scout Tower |
| 19:54 | Scout Tower |
| 19:56 | Staff of Sanctuary |
| 20:03 | Divine Shield |
| 20:05 | Guard Tower |
| Right click | 1542 |
| Select | 632 |
| Select group | 173 |
| Build/train/purchase | 146 |
| Assign group | 90 |
| Use ability | 18 |
| Minimap ping | 6 |
| Item give/drop | 1 |
| Esc | 1 |



x2)
| Staff of Sanctuary | 3 | 750 |
| Orb of Fire | 2 | 650 |
| Boots of Speed | 3 | 750 |
| Staff of Teleportation | 3 | 450 |
| Periapt of Vitality | 1 | 325 |
| Tome of Retraining | 2 | 600 |
| total: | 14 | 3525g |
| Peasant | 14 | 1050 | / | 0 |
| Priest | 1 | 135 | / | 10 |
| Sorceress | 1 | 155 | / | 20 |
| total: | 16 | 1340g | / | 30w |
| Scout Tower | 55 | 1650 | / | 1100 |
| Arcane Tower | 5 | 350 | / | 250 |
| Guard Tower | 16 | 1120 | / | 800 |
| Altar of Kings | 1 | 180 | / | 50 |
| Farm | 5 | 400 | / | 100 |
| Lumber Mill | 1 | 120 | / | 0 |
| Arcane Vault | 2 | 260 | / | 60 |
| Arcane Sanctum | 1 | 150 | / | 140 |
| Keep | 1 | 320 | / | 210 |
| Castle | 1 | 360 | / | 210 |
| total: | 65 | 2760g | / | 1450w |
| 0:01 | Peasant |
| 0:01 | Peasant |
| 0:07 | Altar of Kings |
| 0:18 | Farm |
| 0:20 | Peasant |
| 0:23 | Peasant |
| 0:43 | Farm |
| 0:44 | Peasant |
| 0:50 | Peasant |
| 1:04 | Lumber Mill |
| 1:09 | Scout Tower |
| 1:25 | Peasant |
| 1:35 | Peasant |
| 1:36 | Arcane Tower |
| 1:38 | Scout Tower |
| 1:54 | Scout Tower |
| 1:55 | Peasant |
| 2:06 | Summon Water Elemental |
| 2:09 | Guard Tower |
| 2:09 | Peasant |
| 2:12 | Peasant |
| 2:41 | Peasant |
| 2:42 | Guard Tower |
| 2:43 | Scout Tower |
| 2:44 | Scout Tower |
| 3:19 | Brilliance Aura |
| 3:22 | Peasant |
| 3:22 | Peasant |
| 3:35 | Guard Tower |
| 3:35 | Guard Tower |
| 3:40 | Keep |
| 3:54 | Scout Tower |
| 3:56 | Boots of Speed |
| 3:57 | Staff of Teleportation |
| 4:43 | Guard Tower |
| 4:45 | Farm |
| 4:46 | Scout Tower |
| 4:47 | Scout Tower |
| 4:47 | Scout Tower |
| 4:48 | Scout Tower |
| 4:48 | Scout Tower |
| 4:49 | Scout Tower |
| 6:11 | Guard Tower |
| 6:13 | Arcane Sanctum |
| 6:20 | Summon Water Elemental |
| 6:31 | Farm |
| 7:09 | Storm Bolt |
| 7:10 | Arcane Tower |
| 7:10 | Guard Tower |
| 7:27 | Guard Tower |
| 7:29 | Boots of Speed |
| 7:29 | Staff of Teleportation |
| 7:43 | Magic Sentry |
| 7:44 | Priest |
| 7:45 | Castle |
| 7:47 | Scout Tower |
| 7:47 | Scout Tower |
| 7:48 | Scout Tower |
| 9:20 | Priest Adept Training |
| 9:20 | Guard Tower |
| 9:22 | Scout Tower |
| 9:23 | Scout Tower |
| 9:23 | Scout Tower |
| 9:24 | Scout Tower |
| 9:25 | Scout Tower |
| 9:25 | Scout Tower |
| 9:56 | Guard Tower |
| 10:06 | Farm |
| 11:02 | Bash |
| 11:05 | Holy Light |
| 11:18 | Arcane Vault |
| 11:19 | Arcane Vault |
| 11:21 | Boots of Speed |
| 11:21 | Staff of Teleportation |
| 12:17 | Brilliance Aura |
| 12:23 | Guard Tower |
| 12:31 | Scout Tower |
| 12:32 | Scout Tower |
| 12:32 | Scout Tower |
| 12:33 | Scout Tower |
| 12:33 | Scout Tower |
| 12:34 | Scout Tower |
| 12:34 | Scout Tower |
| 12:35 | Scout Tower |
| 12:36 | Improved Masonry |
| 12:53 | Staff of Sanctuary |
| 13:21 | Orb of Fire |
| 13:38 | Guard Tower |
| 13:42 | Staff of Sanctuary |
| 14:39 | Guard Tower |
| 14:40 | Scout Tower |
| 14:41 | Scout Tower |
| 14:41 | Scout Tower |
| 14:42 | Scout Tower |
| 14:42 | Scout Tower |
| 14:44 | Advanced Masonry |
| 14:45 | Improved Lumber Harvesting |
| 15:17 | Guard Tower |
| 15:20 | Sorceress Adept Training |
| 15:20 | Sorceress |
| 15:34 | Arcane Tower |
| 15:35 | Divine Shield |
| 15:56 | Storm Bolt |
| 16:35 | Periapt of Vitality |
| 16:35 | Tome of Retraining |
| 16:35 | Retrain Hero |
| 16:39 | Blizzard |
| 16:39 | Brilliance Aura |
| 16:58 | Guard Tower |
| 17:08 | Staff of Sanctuary |
| 17:08 | Orb of Fire |
| 17:17 | Tome of Retraining |
| 17:17 | Retrain Hero |
| 17:19 | Blizzard |
| 17:19 | Brilliance Aura |
| 17:19 | Blizzard |
| 17:19 | Brilliance Aura |
| 18:31 | Scout Tower |
| 18:31 | Scout Tower |
| 18:32 | Scout Tower |
| 18:32 | Scout Tower |
| 18:33 | Scout Tower |
| 18:33 | Scout Tower |
| 18:34 | Scout Tower |
| 18:35 | Scout Tower |
| 18:36 | Scout Tower |
| 18:36 | Scout Tower |
| 18:37 | Scout Tower |
| 18:37 | Scout Tower |
| 18:38 | Scout Tower |
| 18:38 | Scout Tower |
| 18:40 | Scout Tower |
| 18:40 | Scout Tower |
| 18:41 | Scout Tower |
| 18:42 | Scout Tower |
| 18:42 | Scout Tower |
| 18:42 | Scout Tower |
| 18:43 | Scout Tower |
| 18:54 | Holy Light |
| 19:49 | Bash |
| 19:53 | Guard Tower |
| 19:54 | Arcane Tower |
| 20:36 | Brilliance Aura |
| Right click | 1791 |
| Select | 419 |
| Select group | 269 |
| Build/train/purchase | 122 |
| Use ability | 70 |
| Misc. action | 35 |
| Assign group | 20 |
| Chat | 18 |
| Item give/drop | 7 |
| Remove unit | 1 |
| Minimap ping | 1 |